Map: Incorporeal LE

Players

CachoSnacks - Winner!

  • Race: Terran Terran
  • League: Platinum
  • Spawn Location: 5:00

PLUMB

  • Race: Protoss Protoss
  • League: Gold
  • Spawn Location: 11:00

VOD

Have the link to the VOD?

Description

Borrar Realizado SOlo para Probar

Time

  • Played on: Aug. 9, 2025, 10:22 a.m.
  • Length: 12:43
Show
View Real Time Build Order
Export as new Build Order

CachoSnacks Terran - Winner!

Build Orders: Liberator Opening 

Get SALT Encoding   

  12  0:00  SCV  
  13  0:12  SCV  
  14  0:17  Supply Depot  
  14  0:25  SCV  
  15  0:38  SCV  
  15  0:40  Barracks  
  16  0:45  Refinery  
  16  0:50  SCV  
  16  0:55  Refinery  
  17  1:02  SCV  
  18  1:15  SCV  
  19  1:31  Reaper  
  21  1:36  Orbital Command  
  20  1:51  Factory  
  20  1:58  Supply Depot  
  20  2:02  SCV  
  22  2:22  SCV  
  22  2:25  Reaper  
  23  2:39  Command Center  
  23  2:41  Supply Depot  
  23  2:57  Factory Tech Lab  
  22  3:05  SCV  
  23  3:10  Starport  
  23  3:11  Barracks Reactor  
  23  3:16  Cyclone  
  23  3:17  SCV  
  27  3:29  SCV  
  27  3:46  SCV  
  28  3:48  Cyclone  
  28  3:49  Liberator  
  34  3:56  Marine x2  
  34  4:01  Bunker  
  36  4:04  Orbital Command  
  36  4:06  SCV  
  37  4:14  Marine x2  
  39  4:18  SCV  
  39  4:21  Siege Tank  
  39  4:23  Engineering Bay  
  43  4:30  SCV  
  44  4:33  Marine x2  
  46  4:44  Starport Reactor  
  46  4:51  Marine x2  
  48  4:55  Command Center, Terran Infantry Weapons Level 1  
  48  5:00  SCV  
  49  5:07  Supply Depot  
  49  5:08  Marine  
  49  5:09  Marine  
  51  5:18  Siege Tank  
  54  5:28  Marine x2  
  54  5:29  Supply Depot, SCV x2  
  58  5:37  Engineering Bay  
  58  5:41  SCV x2  
  60  5:44  Barracks  
  60  5:47  Marine x2  
  62  5:50  Siege Tank  
  65  5:57  SCV x2  
  65  6:01  Refinery  
  67  6:05  Marine x2  
  67  6:07  Medivac  
  67  6:08  Medivac  
  67  6:09  SCV x2  
  75  6:19  Supply Depot, Orbital Command  
  75  6:23  Marine x2  
  75  6:25  Barracks  
  74  6:42  Orbital Command  
  74  6:43  Siege Tank  
  77  7:01  Terran Infantry Armor Level 1  
  77  7:05  Armory, SCV x2  
  77  7:08  Supply Depot  
  79  7:14  Barracks Tech Lab x2  
  79  7:15  Siege Tank  
  64  7:37  Stimpack  
  64  7:38  Combat Shield  
  64  7:40  SCV x3  
  64  7:42  Marine  
  64  7:43  Marine x3  
  69  7:52  SCV  
  69  7:54  SCV x2  
  72  7:59  Refinery  
  72  8:00  Marine x2  
  72  8:01  Marauder x2  
  72  8:04  SCV  
  79  8:14  SCV  
  79  8:16  SCV  
  81  8:23  Marauder  
  81  8:25  Marine x2  
  85  8:28  Supply Depot  
  85  8:34  Supply Depot  
  85  8:36  Terran Infantry Weapons Level 2  
  85  8:41  Marine, SCV  
  85  8:47  SCV  
  85  8:49  Marine  
  85  8:50  Marine  
  85  8:52  Siege Tank  
  89  8:59  SCV  
  86  9:14  Marine x4  
  87  9:24  Siege Tank  
  86  9:31  Marine  
  86  9:32  Marine x3  
  87  9:49  Marine  
  87  9:50  Marauder, Marine x2  
  82  10:07  Marine x2  
  82  10:08  Marauder, SCV  
  82  10:09  SCV x2  
  82  10:12  Marauder  
  85  10:17  Supply Depot  
  85  10:21  SCV x3  
  88  10:24  Supply Depot  
  88  10:27  Siege Tank  
  91  10:29  Marauder  
  91  10:30  Medivac  
  91  10:33  Marauder, SCV  
  98  10:53  Supply Depot  
  98  10:56  Marauder, Marine x2, Missile Turret  
  98  10:57  Marauder  
  104  10:58  Medivac  
  104  10:59  Siege Tank  
  109  11:14  Marine x2  
  109  11:15  Medivac  
  109  11:18  Supply Depot, Marauder x2  
  117  11:20  Supply Depot  
  117  11:28  Medivac  
  117  11:30  SCV  
  117  11:31  Siege Tank, SCV x2  
  125  11:39  Marine  
  128  11:40  Marauder  
  128  11:42  SCV  
  129  11:55  SCV  
  130  12:01  Medivac  
  130  12:02  Medivac  
  130  12:04  Marauder x2, Marine x2  
  130  12:07  SCV, Refinery  
  141  12:08  Refinery  
  141  12:21  SCV  
Show
View Real Time Build Order
Export as new Build Order

PLUMB Protoss 

Build Orders:  

Get SALT Encoding   

  13  0:09  Probe  
  13  0:10  Pylon  
  13  0:17  Probe  
  14  0:32  Gateway  
  14  0:36  Probe  
  15  0:48  Probe  
  16  0:50  Assimilator  
  16  0:59  Probe  
  17  1:08  Gateway, Probe  
  17  1:16  Probe  
  18  1:24  Cybernetics Core  
  19  1:29  Pylon  
  19  1:31  Probe  
  20  1:38  Assimilator  
  20  1:52  Probe  
  21  2:01  Pylon  
  21  2:04  Adept, Probe  
  22  2:14  Adept  
  25  2:16  Probe  
  26  2:23  Stargate  
  26  2:28  Probe  
  27  2:34  Adept  
  29  2:54  Adept  
  31  3:00  Robotics Facility  
  31  3:04  Forge  
  31  3:07  Twilight Council, Adept  
  33  3:34  Nexus  
  33  3:38  Resonating Glaives  
  35  3:44  Adept  
  35  3:51  Observer  
  36  3:58  Probe  
  37  4:05  Adept  
  39  4:13  Gateway  
  39  4:19  Protoss Ground Weapons Level 1  
  39  4:23  Pylon  
  38  4:36  Probe  
  39  4:41  Adept x2  
  43  4:48  Gateway  
  43  5:00  Warp Gate  
  43  5:01  Warp Prism  
  43  5:06  Stalker  
  47  5:43  Stalker x2  
  47  5:47  Probe x2  
  53  6:03  Probe x2  
  55  6:08  Stalker x2  
  58  6:22  Probe  
  58  6:23  Probe  
  60  6:34  Photon Cannon  
  60  6:38  Probe x2  
  62  6:54  Pylon  
  62  7:12  Probe x2  
  64  7:20  Stalker x2  
  64  7:21  Stalker  
  62  7:43  Protoss Ground Weapons Level 2  
  56  7:45  Immortal, Probe x2  
  56  7:50  Gateway  
  58  7:52  Gateway  
  58  7:55  Blink  
  58  7:57  Probe  
  59  8:02  Stargate  
  59  8:06  Stargate  
  59  8:07  Probe  
  59  8:09  Probe  
  61  8:15  Zealot x2  
  61  8:16  Zealot x2  
  61  8:19  Assimilator, Probe  
  70  8:20  Protoss Air Weapons Level 1  
  70  8:27  Pylon  
  70  8:43  Assimilator  
  70  8:45  Immortal, Probe x2  
  76  8:57  Probe  
  76  9:01  Photon Cannon  
  67  9:20  Stalker  
  67  9:21  Zealot x2  
  62  9:25  Phoenix x2  
  54  9:39  Photon Cannon  
  54  9:44  Zealot x2  
  54  9:45  Zealot  
  60  9:46  Stalker x2  
  56  10:04  Probe  
  56  10:05  Probe  
  58  10:11  Stalker x2  
  58  10:12  Stalker x2  
  58  10:13  Zealot, Pylon  
  68  10:16  Probe  
  68  10:17  Probe  
  68  10:18  Assimilator  
  70  10:31  Stalker, Probe  
  70  10:35  Probe  
  74  10:43  Probe  
  74  10:47  Probe  
  76  10:52  Stalker  
  76  10:56  Pylon  
  78  11:07  Nexus  
  78  11:20  Zealot x2  
  78  11:21  Zealot  
  78  11:22  Zealot  
  86  11:37  Fleet Beacon  
  86  11:51  Pylon  
  86  12:02  Pylon  
  86  12:06  Pylon  
  86  12:09  Observer, Probe  
Tags
 
Add a new tag
Caveats
  • Supply blocks, unpowered buildings, or Contaminate may cause inaccurate times.
  • Supply counts are checked every 10 seconds.